 Dungeon Crawl Stone Soup version 0.28-a0-172-g787e458d71 (webtiles) character file.

Game seed: 529689192927551095

16 Sweetruy1997 the Ruffian (level 2, -9/25 HPs)
             Began as a Naga Transmuter on Aug 16, 2021.
             Was a Follower of Dithmenos.
             Mangled by Sigmund (11 damage)
             ... on level 2 of the Dungeon.
             The game lasted 00:03:24 (1372 turns).

Sweetruy1997 the Ruffian (Naga Transmuter)          Turns: 1372, Time: 00:03:25

Health: -9/25      AC:  3    Str: 12    XL:     2   Next: 58%
Magic:  5/5        EV: 10    Int: 13    God:    Dithmenos [*.....]
Gold:   84         SH:  0    Dex: 11    Spells: 2/5 levels left

rFire   . . .      SeeInvis +   f - +0 short sword
rCold   . . .      Faith    .   (no shield)
rNeg    . . .      Spirit   .   a - +0 robe
rPois   +          Reflect  .   g - +0 helmet
rElec   .          Harm     .   b - +0 cloak
rCorr   .          Rampage  .   (no gloves)
Will    .....                   (no barding)
Stlth   +.........              (no amulet)
HPRegen 0.08/turn               (no ring)
MPRegen 0.09/turn               (no ring)

@: wreathed by umbra, very slow
A: AC +0, large, see invisible, deformed body, poison resistance, slowness 2,
spit poison 1, naga tail 1
a: Spit Poison, Renounce Religion


You were on level 2 of the Dungeon.
You worshipped Dithmenos.
Dithmenos was aware of your devotion.
You visited 1 branch of the dungeon, and saw 2 of its levels.

You collected 84 gold pieces.

Inventory:

Hand Weapons
 f - a +0 short sword (weapon)
Armour
 a - a +0 robe (worn)
 b - a +0 cloak (worn)
 g - a +0 helmet (worn)
Scrolls
 d - a scroll of noise {unknown}
 h - a scroll of amnesia
Potions
 c - a potion of heal wounds {unknown}
 e - a potion of haste {unknown}


   Skills:
 + Level 1.0 Fighting
 + Level 0.1 Short Blades
 + Level 1.7 Dodging
 - Level 3.5 Unarmed Combat
 + Level 2.1 Spellcasting
 + Level 2.0 Transmutations


You had 2 spell levels left.
You knew the following spells:

 Your Spells              Type           Power      Damage    Failure   Level
a - Beastly Appendage     Tmut           12%        N/A       11%         1
b - Wereblood             Tmut           6%         N/A       16%         2

Your spell library contained the following spells:

 Spells                   Type           Power      Damage    Failure   Level
 Spider Form              Tmut/Pois      2%         N/A       45%         3
 Ignite Poison            Fire/Tmut/Pois 3%         N/A       50%         3
 Mephitic Cloud           Conj/Pois/Air  1%         N/A       58%         3
 Ice Form                 Ice/Tmut       4%         N/A       86%         4
 Bolt of Magma            Conj/Fire/Erth 0%         4d4       100%        5


Dungeon Overview and Level Annotations

Branches:
Dungeon (2/15)

Altars:
Dithmenos

Shops:
D:1 =

Annotations:
D:2 Sigmund


Innate Abilities, Weirdness & Mutations

Your serpentine skin is tough. (AC +0)
You have supernaturally acute eyesight. (SInv)
Armour fits poorly on your strangely shaped body.
Your system is resistant to poisons. (rPois)
You cover ground very slowly.
You can spit poison.
You have a snake-like lower body.


Message History

Magic restored.
Found a stone staircase leading down.
Your horns disappear.
Your +0 helmet unmelds from your body.
Sigmund the Dreaded comes into view.
He is wielding a +4 scythe of protection.
Sigmund shouts!
Casting: Beastly Appendage (safe; 11% risk of failure)
Press: ? - help, Q - select action, (/) - cycle Dir - look around, f - activate You miscast Beastly Appendage.
You are very lightly contaminated with residual magic.
Nothing appears to happen.
Sigmund gestures at you while chanting.
You are confused.
You are too confused!
Unknown command.
You're too confused to move!
Sigmund gestures at you while chanting.
You are more confused.
Sigmund giggles. "Time to reap what you sow."
Sigmund points at you and mumbles some strange words.
The magic dart hits you!
Sigmund hits you from afar with a +4 scythe of protection.
Your magical contamination has completely faded away.
Sigmund closely misses you. Sigmund gestures at you while chanting.
You resist with significant effort.
You feel less confused. Sigmund gestures at you while chanting.
You are confused.
Sigmund gestures at you while chanting. The magic dart hits you!
* * * LOW HITPOINT WARNING * * *
You bump into the rock wall.
You feel less confused.
Sigmund hits you from afar with a +4 scythe of protection.
* * * LOW HITPOINT WARNING * * *
Sigmund gestures at you while chanting. You resist with significant effort.
Sigmund hits you from afar with a +4 scythe of protection!
You die...

#.#.....# ####.#####
#<..###.###.........
............##.........
.........#............
.........##.##....#.#
...............#....###
........####..@........
.......#####.#.....####
>.........@.>...#
#.#........#..#
...#.....###......#
##..........##...#....
....................##.
.....#...##.####....#
#...................
#..#...##.#####...
#....####........


You could see Sigmund.

Vanquished Creatures
  A dart slug (D:1)
  4 ball pythons
  2 bats
  An endoplasm (D:1)
  A hobgoblin (D:1)
  A kobold (D:1)
  A quokka (D:2)
  A frilled lizard (D:1)
  A rat (D:2)
13 creatures vanquished.

Notes
Turn   | Place    | Note
-------+----------+-------------------------------------------
     0 | D:1      | Sweetruy1997 the Naga Transmuter began the quest for the
                  | Orb.
     0 | D:1      | Reached XP level 1. HP: 18/18 MP: 3/3
   248 | D:1      | Found Juageah's Jewellery Boutique.
   592 | D:1      | Reached XP level 2. HP: 25/25 MP: 5/5
   595 | D:1      | Learned a level 2 spell: Wereblood
  1107 | D:1      | Found a faded altar of an unknown god.
  1111 | D:1      | Became a worshipper of Dithmenos the Shadowed
  1111 | D:1      | Reached * piety under Dithmenos
  1353 | D:2      | Noticed Sigmund
  1372 | D:2      | Mangled by Sigmund

Illustrated notes

Levels and vault maps discovered:
D:1:      lemuel_arrival_tunnels, layout_basic, serial_shops, shop,
          shapermc_ecumenical_altar_petra, st_stairs_4
D:2:      layout_rooms, kennysheep_cross_bottleneck, minmay_misc_feat_chi,
          minmay_ruptured, uniq_sigmund

Action                   || total
-------------------------++-------
Melee: Unarmed           ||    32
       Headbutt          ||     3
       Short sword       ||    15
       Punch             ||     1
 Cast: Beastly Appendage ||     9
       Wereblood         ||     1
 Abil: Spit Poison       ||     3
  Use: Scroll            ||     2
Armor: Robe              ||    10
Dodge: Dodged            ||    30

Table legend: (Time is in decaauts)
 A = Elapsed time spent in this place.
 B = Non-inter-level travel time spent in this place.
 C = Inter-level travel time spent in this place.
 D = Time resting spent in this place.
 E = Time spent auto-exploring this place.
 F = Levels seen in this place.
 G = Mean time per level.
                   A        B        C        D        E       F      G
               +--------+--------+--------+--------+--------+-----+--------+
         Total |   1707 |   1622 |     85 |    298 |   1138 |   2 |  853.5 |
       Dungeon |   1707 |   1622 |     85 |    298 |   1138 |   2 |  853.5 |
               +--------+--------+--------+--------+--------+-----+--------+

Top non-repeatable levels by time:
     D:1: 1487 daAuts
     D:2: 219 daAuts
